 Dungeon Crawl Stone Soup version 0.25-a0-290-g4a1327ee3a (webtiles) character file.

Game seed: 7141427252054928061, levelgen mode: deterministic

161911 Multipenetrator the Unseen (level 17, 0/135 HPs)
             Began as a Demonspawn Assassin on Dec 9, 2019.
             Was a High Priest of Uskayaw.
             Slain by Donald
             ... wielding a +4 eveningstar of venom
              (16 damage)
             ... on level 3 of the Spider Nest on Dec 14, 2019.
             The game lasted 05:10:02 (34810 turns).

Multipenetrator the Unseen (Demonspawn Assassin)   Turns: 34810, Time: 05:10:03

Health: 0/135      AC: 15    Str: 18    XL:     17   Next: 21%
Magic:  26/26      EV: 17    Int: 18    God:    Uskayaw [*****.]
Gold:   2390       SH:  0    Dex: 18    Spells: 13/16 levels left

rFire    + + .     SeeInvis .   b - +6 triple sword (flame)
rCold    . . .     Gourm    .   (shield currently unavailable)
rNeg     . . .     Faith    +   X - +3 ring mail
rPois    +         Spirit   .   Z - +1 hat
rElec    .         Reflect  .   m - scarf {repulsion}
rCorr    .         Harm     .   w - +0 pair of fencer's gloves {Riposte Dex+3}
MR       +....                  (no boots)
Stlth    +++++++...             i - amulet of faith
HPRegen  0.32/turn              I - ring of Wofotean {Wiz Int+3 Stlth+}
MPRegen  0.20/turn              Y - ring of protection from fire

@: repel missiles
A: antennae 1, molten scales 2, clever 1, fire resistance 1, foul stench 1,
poison resistance, spiny 2, rot immunity
a: Stomp, Line Pass, Grand Finale, Renounce Religion


You were on level 3 of the Spider Nest.
You worshipped Uskayaw.
Uskayaw was pleased with you.
You were hungry.

You visited 9 branches of the dungeon, and saw 33 of its levels.
You also visited: Sewer and Ossuary.

You collected 3577 gold pieces.
You spent 1187 gold pieces at shops.

Inventory:

Hand Weapons
 a - a +4 dagger of venom
 b - a +6 triple sword of flaming (weapon)
 d - a +5 falchion of electrocution
 L - the +8 trident of Bikla {venom, rPois Str+4 Int+4}
   (You found it on level 1 of the Lair of Beasts)

   It poisons the flesh of those it strikes.
   It affects your strength (+4).
   It affects your intelligence (+4).
   It protects you from poison.
Missiles
 s - a throwing net (quivered)
 F - 2 atropa-tipped darts
 M - 4 datura-tipped darts
 N - 15 curare-tipped darts
Armour
 m - a scarf of repulsion (worn)
 p - a +4 chain mail of fire resistance
 w - the +0 pair of fencer's gloves (worn) {Riposte Dex+3}
   (You found it in a sewer)

   It affects your dexterity (+3).
 P - a +2 chain mail of cold resistance
 X - a +3 ring mail (worn)
 Z - a +1 hat (worn)
Jewellery
 i - an amulet of faith (around neck)
 y - an uncursed ring of resist corrosion
 I - the ring of Wofotean (left hand) {Wiz Int+3 Stlth+}
   (You bought it in a shop on level 2 of the Orcish Mines)

   [ring of wizardry]

   It improves your spell success rate.
   It affects your intelligence (+3).
   It makes you more stealthy.
 Y - a ring of protection from fire (right hand)
Wands
 c - a wand of disintegration (16)
 j - a wand of paralysis (10)
 l - a wand of digging (9)
 x - a wand of acid (7)
 z - a wand of enslavement (7)
 B - a wand of iceblast (2)
Scrolls
 e - 2 scrolls of vulnerability
 h - 10 scrolls of magic mapping
 q - 3 scrolls of fear
 r - 4 scrolls of enchant armour
 A - 11 scrolls of remove curse
 C - 14 scrolls of teleportation
 G - a scroll of summoning
 O - 2 scrolls of immolation
 U - a scroll of brand weapon
 V - 3 scrolls of fog
 W - 6 scrolls of identify
Potions
 g - 2 potions of brilliance
 k - 4 potions of magic
 n - 2 potions of heal wounds
 o - a potion of lignification
 u - 5 potions of haste
 v - a potion of resistance
 E - 3 potions of berserk rage
 H - 4 potions of cancellation
 J - 3 potions of agility
 K - 3 potions of mutation
 Q - 2 potions of might
 R - a potion of invisibility
 T - 4 potions of curing
Miscellaneous
 S - a lamp of fire
Comestibles
 f - 35 rations
 D - 3 chunks of flesh


   Skills:
 + Level 12.4 Fighting
 - Level 7.0(10.1) Short Blades
 + Level 11.2(12.0) Long Blades
 - Level 7.1 Polearms
 - Level 1.7 Throwing
 + Level 10.0 Armour
 + Level 9.2 Dodging
 * Level 16.3 Stealth
 + Level 3.5 Necromancy
 + Level 12.8 Invocations
 + Level 3.5 Evocations


You had 13 spell levels left.
You knew the following spells:

 Your Spells              Type           Power        Failure   Level  Hunger
a - Regeneration          Chrm/Necr      #.........   21%         3    ####...

Your spell library contained the following spells:

 Spells                   Type           Power        Failure   Level  Hunger
 Animate Skeleton         Necr           N/A          3%          1    ##.....
 Pain                     Necr           ##..         3%          1    ##.....
 Vampiric Draining        Necr           ##........   10%         3    ####...
 Sandblast                Erth           #.....       14%         1    ##.....
 Passwall                 Tmut/Erth      #.......     21%         2    ###....
 Poisonous Vapours        Pois/Air       #.....       21%         2    ###....
 Animate Dead             Necr           N/A          32%         4    #####..
 Conjure Flame            Conj/Fire      #.......     38%         3    ####...
 Mephitic Cloud           Conj/Pois/Air  #.......     38%         3    ####...
 Recall                   Summ/Tloc      N/A          38%         3    ####...
 Stone Arrow              Conj/Erth      #.....       38%         3    ####...
 Petrify                  Tmut/Erth      #.......     77%         4    #####..
 Borgnjor's Vile Clutch   Necr/Erth      #.........   86%         5    ######.
 Bolt of Magma            Conj/Fire/Erth #.........   97%         5    ######.
 Iskenderun's Battlesphe  Conj/Chrm      #.......     97%         5    ######.
 Lee's Rapid Deconstruct  Erth           #.........   97%         5    ######.
 Death Channel            Necr           ##........   99%         6    #######
 Freezing Cloud           Conj/Ice/Air   #.........   100%        6    #######
 Iron Shot                Conj/Erth      #.........   100%        6    #######
 Simulacrum               Ice/Necr       #.........   100%        6    #######
 Orb of Destruction       Conj           #.........   100%        7    #######
 Ring of Flames           Chrm/Fire      #.........   100%        7    #######
 Spellforged Servitor     Conj/Summ      #.........   100%        7    #######


Dungeon Overview and Level Annotations

Branches:
Dungeon (15/15)            Temple (1/1) D:7            Lair (6/6) D:8
  Swamp (2/4) Lair:3       Spider (3/4) Lair:4        Slime (1/5) Lair:6
    Orc (2/2) D:10            Elf (2/3) Orc:2        Vaults (0/5) D:13
 Depths (1/5) D:15          Sewer (visited)         Ossuary (visited)

Altars:
Ashenzari
Cheibriados
Dithmenos
Elyvilon
Fedhas
Gozag
Hepliaklqana
Kikubaaqudgha
Makhleb
Nemelex Xobeh
Okawaru
Qazlal
Ru
Sif Muna
Trog
Uskayaw
Vehumet
Wu Jian
Xom
Yredelemnul
Zin
The Shining One
Beogh
Jiyva

Shops:
Orc:2 *!=:?   Elf:1 *

Portals:
Trove: D:12 (show slimy rune of Zot)

Annotations:
Spider:3 Donald


Innate Abilities, Weirdness & Mutations

You have a pair of small antennae on your head.
You are mostly covered in molten scales. (AC +3)
Your flesh is heat resistant. (rF+)
You may emit foul miasma when damaged in melee.
You are mostly covered in sharp spines.
You are immune to rotting.
Your mind is acute. (Int +2)
Your system is resistant to poisons. (rPois)


Message History

Donald seems to grow stronger.
The demonic crawler misses you. x2
The demonic crawler barely misses you. Donald completely misses you.
You riposte.
Donald blocks your attack.
Donald is severely wounded.
You slash Donald! You burn Donald.
Donald is almost dead.
The demonic crawler completely misses you.
The demonic crawler misses you. The demonic crawler hits you!
* * * LOW HITPOINT WARNING * * *
You emit a cloud of foul miasma!
Donald hits you with a +4 eveningstar of venom!!!
* * * LOW HITPOINT WARNING * * *
The demonic crawler barely misses you.
You riposte.
You barely miss the demonic crawler.
The demonic crawler is lightly wounded.
The demonic crawler hits you.
* * * LOW HITPOINT WARNING * * *
The demonic crawler misses you.
Donald hits you with a +4 eveningstar of venom!
You die...

###### ### ..##.#
#....####..## ......
#............ ..^.^.##
##........... ........
###.....^....
........####.##....#....
.......#.##.............
........^#.......#......
#....@6#....†..........
#.....s..^..†###†#†.....
^............# ##...##.#
............#####.....##
........^..####†........
.^........####...#......
.#.^......# #..†##(.....
.#.^.#######..####.#...
...# ####...# ###..#


You could see Donald and a demonic crawler.

Vanquished Creatures
  Jorgrun (D:14)
  Gastronok (Lair:2)
  Louise (D:14)
  A ghost moth (Spider:2)
  An orc warlord (Orc:1)
  3 emperor scorpions
  Aizul (Spider:2)
  6 entropy weavers
  Nessos (Orc:2)
  A dire elephant (D:15)
  Snorg (D:13)
  An ettin (Swamp:1)
  A deep elf death mage (Elf:1)
  Josephine (D:13)
  A fire dragon (Lair:6)
  A catoblepas (Lair:6)
  Harold (D:9)
  4 hydras
  8 vault guards (D:13)
  A shambling mangrove (Swamp:2)
  4 two-headed ogres
  3 centaur warriors
  5 alligators
  An orc high priest (Orc:2)
  4 death yaks (Lair:6)
  3 dancing weapons
  7 deep elf knights
  Sonja (D:11)
  2 swamp dragons
  3 deep elf archers (Elf:1)
  A glowing orange brain (Swamp:1)
  9 orb spiders
  A lindwurm (Lair:6)
  3 orc knights
  Pikel (D:7)
  25 deep elf magi
  8 orc sorcerers
  3 ugly things
  14 wolf spiders
  A manticore (D:12)
  A salamander (D:15)
  3 cyclopes
  4 moths of wrath
  12 elephants (Lair:6)
  A guardian serpent (Lair:6)
  Maurice (D:11)
  A guardian serpent (shapeshifter) (D:13)
  9 black mambas
  11 komodo dragons
  A gargoyle (D:11)
  24 spiny frogs
  3 rime drakes (Lair:6)
  2 kobold demonologists (D:12)
  9 demonic crawlers
  6 meliai (Spider:3)
  3 trolls
  19 jumping spiders
  2 tengu conjurers
  13 hornets
  A raiju (shapeshifter) (D:14)
  6 tyrant leeches
  25 slime creatures
  3 bog bodies
  8 hippogriffs
  4 shadows
  2 air elementals
  Sigmund (D:3)
  47 redbacks
  4 wraiths
  A vampire (D:14)
  3 spriggans
  4 water elementals
  42 yaks
  11 tarantellas
  A fire elemental (Elf:1)
  A basilisk (Lair:6)
  12 wyverns
  Eustachio (D:6)
  8 vampire mosquitoes (Swamp:1)
  2 steam dragons (Lair:6)
  An acid dragon (D:11)
  12 insubstantial wisps (Swamp:1)
  10 wargs
  Edmund (D:6)
  11 swamp worms
  20 water moccasins
  6 porcupines
  Duvessa (D:5)
  5 swamp drakes
  Purgy (Sewer)
  A hornet zombie (D:10)
  22 orc warriors
  4 sky beasts
  5 ice beasts
  A black bear (D:11)
  4 phantoms
  4 slaves (D:7)
  An eye of draining (D:9)
  2 necrophages
  4 ogres
  8 centaurs
  9 crocodiles
  Blork the orc (D:6)
  5 big kobolds
  An earth elemental (Elf:1)
  18 bullfrogs
  2 gnoll sergeants
  An elf zombie (Ossuary)
  Dowan (D:5)
  A wyvern zombie (D:11)
  2 scorpions
  A hornet simulacrum (D:14)
  9 killer bees
  12 wights
  5 howler monkeys
  An electric eel (Lair:3)
  7 crimson imps
  A quasit (D:5)
  3 centaur zombies
  A hound (D:9)
  51 orc wizards
  6 jellies
  3 centaur skeletons
  14 orc priests
  4 bullfrog skeletons
  6 iguanas
  Terence (D:2)
  4 hell rats (Lair:3)
  9 worker ants
  A killer bee zombie (D:8)
  4 big kobold zombies (Ossuary)
  A hound skeleton (D:8)
  A howler monkey zombie (D:8)
  2 mummies (Ossuary)
  A worker ant zombie (D:9)
  13 adders
  9 gnolls
  A river rat (D:3)
  2 shadow imps
  An adder zombie (D:5)
  5 adder skeletons
  6 worms
  A dart slug (D:1)
  6 leopard geckos
  73 orcs
  4 ball pythons
  8 giant cockroaches
  3 gnoll zombies (Ossuary)
  4 goblins
  9 hobgoblins
  7 jackals
  19 kobolds
  12 quokkas
  9 bats
  3 frilled lizards
  2 goblin zombies (Ossuary)
  A hobgoblin zombie (Ossuary)
  2 jackal skeletons
  A leopard gecko zombie (D:8)
  2 orc zombies (Ossuary)
  A quokka skeleton (D:4)
  8 rats
  A butterfly (Lair:3)
  2 plants (Lair:6)
976 creatures vanquished.

Vanquished Creatures (collateral kills)
  An orc sorcerer (Orc:1)
  A hippogriff (D:15)
  An ogre (Orc:1)
  A jelly (D:15)
  An orc priest (D:15)
  An orc wizard (Orc:1)
6 creatures vanquished.

Vanquished Creatures (others)
  A troll (Orc:1)
  A big kobold (D:12)
  An orc (Orc:2)
  35 fungi
  48 plants
86 creatures vanquished.

Grand Total: 1068 creatures vanquished

Notes
Turn   | Place    | Note
-------+----------+-------------------------------------------
     0 | D:1      | Multipenetrator the Demonspawn Assassin began the quest for
                  | the Orb.
     0 | D:1      | Reached XP level 1. HP: 16/16 MP: 1/1
   247 | D:1      | Gained mutation: You are partially covered in sharp spines.
                  | [demonic ancestry]
   247 | D:1      | Reached XP level 2. HP: 9/22 MP: 2/2
   438 | D:1      | Reached skill level 4 in Stealth
   606 | D:1      | Gained mutation: You are partially covered in molten
                  | scales. (AC +2) [demonic ancestry]
   606 | D:1      | Reached XP level 3. HP: 23/27 MP: 3/3
   796 | D:1      | Reached skill level 1 in Dodging
  1041 | D:2      | Noticed Terence
  1065 | D:2      | Killed Terence
  1065 | D:2      | Gained mutation: You are mostly covered in sharp spines.
                  | [demonic ancestry]
  1065 | D:2      | Reached XP level 4. HP: 20/34 MP: 4/4
  1566 | D:2      | You fall into a shaft and drop 2 floors!
  1706 | D:3      | Reached skill level 5 in Stealth
  2003 | D:3      | Found a glowing drain.
  2010 | Sewer    | Entered a sewer
  2036 | Sewer    | Noticed Purgy
  2074 | Sewer    | Killed Purgy
  2074 | Sewer    | Reached XP level 5. HP: 23/39 MP: 5/5
  2122 | Sewer    | Found the +0 pair of fencer's gloves {Riposte Dex+3}
  2262 | D:3      | Reached XP level 6. HP: 46/46 MP: 6/6
  2335 | D:3      | Found a sparkling altar of Nemelex Xobeh.
  2403 | D:3      | Noticed Sigmund
  2405 | D:3      | Killed Sigmund
  2405 | D:3      | Reached skill level 6 in Stealth
  3051 | D:4      | Reached XP level 7. HP: 52/52 MP: 7/7
  3319 | D:4      | Identified the +1 robe of Past Mistakes {rPois Dex+2
                  | Slay-4}
  3466 | D:5      | Entered Level 5 of the Dungeon
  3473 | D:5      | Reached skill level 7 in Stealth
  3487 | D:5      | Reached skill level 1 in Armour
  3724 | D:5      | Found a sand-covered staircase.
  3731 | Ossuary  | Entered an ossuary
  3878 | Ossuary  | Reached XP level 8. HP: 53/58 MP: 8/8
  3927 | Ossuary  | Reached skill level 5 in Short Blades
  4022 | D:5      | Noticed Duvessa
  4041 | D:5      | Noticed Dowan
  4052 | D:5      | Killed Duvessa
  4125 | D:5      | Killed Dowan
  4593 | D:6      | Noticed Edmund
  4634 | D:6      | Killed Edmund
  4724 | D:6      | Upgraded the game from 0.25-a0-277-g7046ed1b37 to
                  | 0.25-a0-283-ge7e91ba8d0
  4748 | D:6      | Reached skill level 1 in Evocations
  4808 | D:6      | Noticed Eustachio
  4828 | D:6      | Gained mutation: You have a pair of small antennae on your
                  | head. [demonic ancestry]
  4828 | D:6      | Reached XP level 9. HP: 64/64 MP: 9/9
  4942 | D:6      | Killed Eustachio
  5271 | D:6      | Noticed Blork the orc
  5279 | D:6      | Killed Blork the orc
  5279 | D:6      | Reached skill level 1 in Long Blades
  5279 | D:6      | Reached skill level 5 in Dodging
  5356 | D:6      | Found a glowing golden altar of the Shining One.
  5452 | D:6      | Reached skill level 5 in Fighting
  5579 | D:7      | Found a staircase to the Ecumenical Temple.
  5586 | Temple   | Entered the Ecumenical Temple
  5874 | Temple   | Became a worshipper of Uskayaw the Reveler
  5901 | D:7      | Reached * piety under Uskayaw
  5920 | D:7      | Noticed Pikel
  5931 | D:7      | Reached ** piety under Uskayaw
  5932 | D:7      | Reached *** piety under Uskayaw
  5934 | D:7      | Killed Pikel
  5934 | D:7      | Reached **** piety under Uskayaw
  6222 | D:8      | Reached skill level 8 in Stealth
  6222 | D:8      | Reached XP level 10. HP: 74/74 MP: 11/11
  6418 | D:8      | Found a staircase to the Lair.
  6434 | D:8      | Reached ***** piety under Uskayaw
  6531 | D:8      | Reached skill level 1 in Invocations
  6572 | D:8      | Reached skill level 5 in Long Blades
  7229 | D:9      | Noticed Harold
  7236 | D:9      | Killed Harold
  7328 | D:9      | Found a stormy altar of Qazlal.
  7423 | D:9      | Reached skill level 9 in Stealth
  7554 | D:9      | Found a sparkling altar of Nemelex Xobeh.
  7589 | D:10     | Entered Level 10 of the Dungeon
  7592 | D:10     | Reached XP level 11. HP: 79/79 MP: 14/14
  7727 | D:10     | Reached skill level 5 in Invocations
  7792 | D:10     | Reached ****** piety under Uskayaw
  7938 | D:10     | Found a staircase to the Orcish Mines.
  8151 | Orc:1    | Entered Level 1 of the Orcish Mines
  8316 | Orc:2    | Entered Level 2 of the Orcish Mines
  8316 | Orc:2    | Noticed a two-headed ogre
  8374 | Orc:1    | Killed a two-headed ogre
  8374 | Orc:1    | Reached skill level 5 in Armour
  8812 | Orc:2    | Noticed Nessos
  8817 | Orc:2    | Killed Nessos
  8817 | Orc:2    | Reached skill level 10 in Stealth
  8885 | Orc:2    | Noticed an orc sorcerer
  8894 | Orc:2    | Noticed an orc sorcerer
  8898 | Orc:2    | Killed an orc sorcerer
  8899 | Orc:2    | Paralysed by an orc sorcerer for 7 turns
  8910 | Orc:2    | Killed an orc sorcerer
  8962 | Orc:2    | Noticed an orc sorcerer
  8965 | Orc:2    | Noticed an orc sorcerer
  8973 | Orc:2    | Killed an orc sorcerer
  8976 | Orc:2    | Killed an orc sorcerer
  9004 | Orc:2    | Found Cetiatoa's Distillery.
  9004 | Orc:2    | Found Pamurphao's General Store.
  9012 | Orc:2    | Noticed an orc high priest
  9036 | Orc:2    | Killed an orc high priest
  9036 | Orc:2    | Gained mutation: You are immune to rotting. [demonic
                  | ancestry]
  9036 | Orc:2    | Reached XP level 12. HP: 74/89 MP: 17/17
  9045 | Orc:2    | Bought a potion of might for 48 gold pieces
  9045 | Orc:2    | Bought a potion of curing for 36 gold pieces
  9045 | Orc:2    | Bought a potion of curing for 36 gold pieces
  9054 | Orc:2    | Bought a scroll of remove curse for 33 gold pieces
  9216 | Orc:2    | Found Jeabi's Magic Scroll Shop.
  9250 | Orc:2    | Bought a scroll of teleportation for 39 gold pieces
  9250 | Orc:2    | Bought a scroll of identify for 26 gold pieces
  9264 | Orc:2    | Found Yrghimnof's Book Emporium.
  9302 | Orc:2    | Found a roughly hewn altar of Beogh.
  9449 | Orc:2    | Found a staircase to the Elven Halls.
  9605 | Orc:2    | Found Eroecun's Jewellery Boutique.
 10034 | Orc:1    | Noticed an orc warlord
 10046 | Orc:1    | Killed an orc warlord
 10046 | Orc:1    | Reached skill level 11 in Stealth
 10046 | Orc:1    | Paralysed by an orc sorcerer for 7 turns
 10281 | Orc:1    | You fall into a shaft and drop 1 floor!
 10462 | D:11     | Noticed a two-headed ogre
 10471 | D:11     | Killed a two-headed ogre
 10522 | D:11     | Noticed Maurice
 10531 | D:11     | Killed Maurice
 10652 | D:11     | Noticed Sonja
 10660 | D:11     | Killed Sonja
 11470 | D:12     | Found a portal to a secret trove of treasure.
 11492 | D:12     | Reached XP level 13. HP: 96/96 MP: 20/20
 12120 | D:12     | Reached skill level 10 in Long Blades
 12330 | D:12     | Reached skill level 10 in Invocations
 12539 | D:13     | Found an iron altar of Okawaru.
 12545 | D:13     | Reached skill level 12 in Stealth
 12563 | D:13     | Found a gate to the Vaults.
 12855 | D:13     | Noticed Snorg
 12866 | D:13     | Noticed Josephine
 12870 | D:13     | Killed Snorg
 12881 | D:13     | Killed Josephine
 13462 | Lair:1   | Entered Level 1 of the Lair of Beasts
 13505 | Lair:1   | Got an ebony trident
 13508 | Lair:1   | Identified the +8 trident of Bikla {venom, rPois Str+4
                  | Int+4} (You found it on level 1 of the Lair of Beasts)
 13774 | Lair:1   | Reached skill level 1 in Polearms
 14125 | Lair:2   | Gained mutation: You are mostly covered in molten scales.
                  | (AC +3) [demonic ancestry]
 14125 | Lair:2   | Reached XP level 14. HP: 108/108 MP: 22/22
 14191 | Lair:2   | Noticed Gastronok
 14205 | Lair:2   | Killed Gastronok
 14906 | Lair:3   | Gained mutation: Your system is resistant to poisons.
                  | (rPois) [potion of mutation]
 14906 | Lair:3   | Gained mutation: Your mind is acute. (Int +2) [potion of
                  | mutation]
 14928 | Lair:3   | Reached skill level 13 in Stealth
 15416 | Lair:3   | Found a staircase to the Swamp.
 15633 | Lair:4   | Found a hole to the Spider Nest.
 16749 | Lair:5   | Got a transparent helmet
 16751 | Lair:5   | Identified the +1 helmet of the Sky {rF+ rC+ Str+2} (You
                  | found it on level 5 of the Lair of Beasts)
 17006 | Lair:6   | Entered Level 6 of the Lair of Beasts
 17006 | Lair:6   | Found a viscous altar of Jiyva.
 17006 | Lair:6   | Found a staircase to the Slime Pits.
 17952 | Lair:6   | Reached skill level 5 in Polearms
 18965 | Lair:6   | Reached XP level 15. HP: 100/114 MP: 24/24
 20209 | Lair:6   | Reached skill level 14 in Stealth
 20520 | Slime:1  | Entered Level 1 of the Pits of Slime
 20520 | Slime:1  | Noticed an azure jelly
 20520 | Slime:1  | Noticed an azure jelly
 20567 | Spider:1 | Entered Level 1 of the Spider Nest
 20812 | Swamp:1  | Entered Level 1 of the Swamp
 22311 | D:14     | Found a shadowy altar of Dithmenos.
 22475 | D:14     | Noticed Louise
 22513 | D:14     | Killed Louise
 23203 | D:15     | Entered Level 15 of the Dungeon
 23203 | D:15     | Noticed Jorgrun
 23227 | D:14     | Killed Jorgrun
 23227 | D:14     | Reached skill level 10 in Fighting
 23532 | D:15     | Identified a scroll of acquirement
 23994 | D:15     | Found a viscous altar of Jiyva.
 24041 | D:15     | Got a bronze leather armour
 24058 | D:15     | Identified the cursed +1 leather armour of the Ageless
                  | Places {Int+4} (You found it on level 15 of the Dungeon)
 24276 | D:15     | Found a staircase to the Depths.
 24744 | Depths:1 | Entered Level 1 of the Depths
 25108 | Swamp:1  | Reached skill level 15 in Stealth
 27298 | Swamp:2  | Gained mutation: You may emit foul miasma when damaged in
                  | melee. [demonic ancestry]
 27298 | Swamp:2  | Reached XP level 16. HP: 40/125 MP: 25/25
 27302 | Swamp:2  | Upgraded the game from 0.25-a0-283-ge7e91ba8d0 to
                  | 0.25-a0-290-g4a1327ee3a
 27907 | Orc:2    | Bought the ring of Wofotean {Wiz Int+3 Stlth+} for 553 gold
                  | pieces
 27935 | Orc:2    | Bought a scroll of teleportation for 39 gold pieces
 27935 | Orc:2    | Bought a scroll of fear for 45 gold pieces
 27935 | Orc:2    | Bought a scroll of fog for 26 gold pieces
 27935 | Orc:2    | Bought a scroll of magic mapping for 45 gold pieces
 27935 | Orc:2    | Bought a scroll of magic mapping for 45 gold pieces
 28012 | Elf:1    | Entered Level 1 of the Elven Halls
 28046 | Elf:1    | Found an ancient bone altar of Kikubaaqudgha.
 29436 | Elf:1    | Identified the cursed +0 leather armour of Hedging {*Slow
                  | MR+++ Dex-3}
 29438 | Elf:1    | Found Jenlusin's General Store.
 29468 | Elf:1    | Bought a scroll of fog for 36 gold pieces
 29468 | Elf:1    | Bought a potion of invisibility for 144 gold pieces
 29468 | Elf:1    | Bought a scroll of identify for 36 gold pieces
 30733 | Spider:1 | Learned a level 3 spell: Regeneration
 31199 | Spider:2 | Reached skill level 1 in Necromancy
 31352 | Spider:2 | Got a twisted long sword
 31355 | Spider:2 | Identified the +6 long sword "Jorruyli" {slice, rPois Str-4
                  | Dex+3} (You found it on level 2 of the Spider Nest)
 31747 | Spider:2 | Noticed Aizul
 31783 | Spider:2 | Killed Aizul
 33529 | Spider:3 | Reached skill level 16 in Stealth
 33755 | Spider:3 | Noticed Donald
 34183 | Spider:3 | Gained mutation: Your flesh is heat resistant. (rF+)
                  | [demonic ancestry]
 34183 | Spider:3 | Reached XP level 17. HP: 109/134 MP: 26/26
 34400 | Spider:3 | Reached skill level 10 in Armour
 34810 | Spider:3 | Slain by Donald

Levels and vault maps discovered:
D:1:      dpeg_arrival_lava_temple_mockup, layout_basic, minmay_misc_feat_room,
          kennysheep_pointless_box
D:2:      layout_loops_ring, uniq_terence
D:3:      layout_rooms, portal_sewer_entry_e, nemelex_diamond_rough_becter,
          uniq_sigmund
D:4:      layout_basic
D:5:      layout_loops_ring, nicolae_ossuary_entry_ruins, first_ration,
          uniq_duvessa
D:6:      layout_cave_pools, tso_altar, uniq_edmund, uniq_eustachio,
          uniq_blork_the_orc
D:7:      layout_rooms, minmay_temple_entry_drinking_statues, uniq_pikel
D:8:      layout_gridville, due_lair_maze_entry_diamond
D:9:      layout_roguey, kennysheep_mini_moat, nicolae_qazlal_style_of_elements,
          uniq_harold
D:10:     layout_rooms, orc_0_dummy
D:11:     layout_gridville, uniq_maurice, uniq_sonja
D:12:     layout_roguey, nicolae_trove_entry_crossroad
D:13:     layout_loops_ring, erik_vaults_2, grunt_tengu_nest,
          chequers_serial_rivers_micro_e, okawaru_ov_weapons_minmay,
          uniq_josephine, uniq_snorg
D:14:     layout_gridville, grunt_dithmenos_smoke, lemuel_flame_loot_1,
          uniq_louise
D:15:     hangedman_depths_entry_try_elsewhere_first, layout_cave_pools,
          minmay_misc_feat_iff, jiyva_altar_1, uniq_jorgrun
Temple:   roderic_octagonal_lattice_temple
Lair:1:   layout_chaotic_city, serial_bayou, serial_bayou_shore_a,
          serial_bayou_lagoon_a, serial_bayou_ford_a, serial_bayou_shore_b
Lair:2:   layout_gridlike, uniq_gastronok
Lair:3:   layout_regular_city, nicolae_swamp_entry_splash_gauntlet,
          lemuel_fruit_fields, grunt_megastairs_2
Lair:4:   layout_regular_city, spider_nest_entry_rubble
Lair:5:   layout_big_grid
Lair:6:   hangedman_lair_tendril_chambers, layout_regular_city,
          guppyfry_lair_end_dragon, slime_altar_1, small_statue_intersection,
          small_statue_intersection
Swamp:1:  layout_falls_marsh, nicolae_swamp_round_clearing
Swamp:2:  layout_basic_swamp, evilmike_swamp_ruin_house_3
Spider:1: layout_chambers, drop_trap
Spider:2: layout_chambers, drop_trap, uniq_aizul
Spider:3: layout_spider_delve, uniq_donald
Slime:1:  layout_caves
Orc:1:    layout_caves
Orc:2:    st_orc_town, layout_caves, serial_shops, nicolae_shop_crystal,
          uniq_nessos
Elf:1:    layout_rooms, basic_altar, serial_shops, nicolae_shop_statue_plus,
          minivault_28, nicolae_rare_books
Elf:2:    layout_loops_cross, lemuel_elevator
Depths:1: layout_honeycomb, serial_shops, nicolae_shop_behind_doors,
          abyss_entry, hangedman_abyss_or_decor_stabs, hell_entry,
          chequers_serial_rivers_marsh, minmay_shop_mayhem, grunt_ministairs_2,
          minmay_acid_items, minmay_shoptagon

Skill      XL: |  1  2  3  4  5  6  7  8  9 10 11 12 13 14 15 16 17 |
---------------+----------------------------------------------------+-----
Stealth        | 4 5 6 7 8 9 10 11 12 13 15 16 | 16.3
Short Blades   | 2 3 4 5 7 |  7.0
Dodging        | 1 2 4 5 6 7 8 9 |  9.2
Fighting       | 3 4 5 6 7 8 9 11 12 | 12.4
Armour         | 1 4 5 7 8 9 10 | 10.0
Evocations     | 1 2 3 |  3.5
Long Blades    | 4 6 8 9 10 11 | 11.2
Invocations    | 4 7 9 11 12 | 12.8
Polearms       | 1 6 7 |  7.1
Necromancy     | 3 |  3.5
Throwing       | |  1.7

Action                   |  1- 3 |  4- 6 |  7- 9 | 10-12 | 13-15 | 16-18 || total
-------------------------+-------+-------+-------+-------+-------+-------++-------
Melee: Dagger            |    67 |   137 |   332 |    34 |   154 |   251 ||   975
       Falchion          |       |       |    67 |   465 |   161 |    97 ||   790
       Trident           |       |       |       |       |   760 |    44 ||   804
       Triple sword      |       |       |       |       |    26 |    76 ||   102
Throw: Dart              |    10 |    11 |    23 |     8 |     6 |     1 ||    59
       Throwing net      |       |       |       |     2 |       |     1 ||     3
 Cast: Regeneration      |       |       |       |       |       |    33 ||    33
Invok: Line Pass         |       |       |       |     1 |     4 |     1 ||     6
Evoke: Wand              |       |     1 |     5 |    11 |    37 |    13 ||    67
       Lamp of fire      |       |       |       |     1 |     1 |     3 ||     5
  Use: Scroll            |       |       |     4 |     8 |    19 |     9 ||    40
       Potion            |       |       |       |       |     7 |     1 ||     8
 Stab: Sleeping          |     3 |    16 |     5 |    28 |    32 |    26 ||   110
       Distracted        |     1 |       |     3 |     1 |    12 |     1 ||    18
       Paralysed         |       |       |     4 |    47 |    91 |    37 ||   179
       Confused          |       |       |       |     6 |     8 |       ||    14
       Held in net/web   |       |       |       |     3 |       |       ||     3
  Eat: Chunk             |       |     7 |    10 |    15 |    39 |    14 ||    85
       Ration            |       |       |       |     1 |     4 |     5 ||    10
Armor: Robe              |    10 |    12 |       |       |       |       ||    22
       Troll leather arm |       |     8 |    92 |    66 |    34 |       ||   200
       Chain mail        |       |       |       |       |   265 |    68 ||   333
       Ring mail         |       |       |       |       |       |   138 ||   138
Dodge: Dodged            |    26 |    66 |   192 |   289 |   535 |   301 ||  1409
       Deflected         |       |     1 |    10 |     9 |    13 |    11 ||    44
       Rpst.: Dagger     |       |    10 |    34 |     4 |    14 |    19 ||    81
       Falchion          |       |       |    41 |   165 |    29 |    24 ||   259
       Trident           |       |       |       |       |   101 |     1 ||   102
       Triple sword      |       |       |       |       |    11 |    39 ||    50

Table legend:
 A = Non-vault XP
 B = Vault XP
 C = Vault XP percentage of total XP
 D = Non-vault monster count
 E = Vault monster count
 F = Vault count percentage of total count
                 A         B        C        D         E       F
            +---------+---------+-------+---------+---------+-------
      Total |  177692 |   53610 |  23.2 |     780 |     197 |  20.2
            +---------+---------+-------+---------+---------+-------
        D:1 |      58 |       0 |   0.0 |      27 |       0 |   0.0
        D:2 |      27 |      36 |  57.1 |      11 |       1 |   8.3
        D:3 |     173 |     261 |  60.1 |      21 |       9 |  30.0
        D:4 |     292 |       0 |   0.0 |      22 |       0 |   0.0
        D:5 |     635 |     223 |  26.0 |      17 |       2 |  10.5
        D:6 |    1304 |     445 |  25.4 |      38 |       3 |   7.3
        D:7 |     916 |     629 |  40.7 |      21 |       1 |   4.5
        D:8 |    1186 |    1181 |  49.9 |      27 |      10 |  27.0
        D:9 |    2184 |     987 |  31.1 |      23 |       1 |   4.2
       D:10 |    3259 |       0 |   0.0 |      34 |       0 |   0.0
       D:11 |    3396 |    1251 |  26.9 |      22 |       2 |   8.3
       D:12 |    8981 |       0 |   0.0 |      35 |       0 |   0.0
       D:13 |    3845 |   10322 |  72.9 |      11 |      14 |  56.0
       D:14 |    6583 |    4828 |  42.3 |      28 |       2 |   6.7
       D:15 |    6400 |    4309 |  40.2 |      28 |       8 |  22.2
     Lair:1 |    7067 |       0 |   0.0 |      28 |       0 |   0.0
     Lair:2 |    2267 |    2245 |  49.8 |      10 |       1 |   9.1
     Lair:3 |    2844 |    1437 |  33.6 |      14 |       7 |  33.3
     Lair:4 |     843 |     306 |  26.6 |       2 |       1 |  33.3
     Lair:5 |    1501 |       0 |   0.0 |       8 |       0 |   0.0
     Lair:6 |   18788 |   13420 |  41.7 |      43 |      49 |  53.3
    Swamp:1 |   14123 |       0 |   0.0 |      47 |       0 |   0.0
    Swamp:2 |    9136 |       0 |   0.0 |      22 |       0 |   0.0
   Spider:1 |    6209 |       0 |   0.0 |      16 |       0 |   0.0
   Spider:2 |   24891 |    1588 |   6.0 |      61 |       1 |   1.6
   Spider:3 |   20056 |       0 |   0.0 |      51 |       0 |   0.0
      Orc:1 |    4505 |       0 |   0.0 |      26 |       0 |   0.0
      Orc:2 |    3623 |    6544 |  64.4 |      49 |      57 |  53.8
      Elf:1 |   16258 |    3177 |  16.3 |      28 |       6 |  17.6
      Elf:2 |    6342 |       0 |   0.0 |      10 |       0 |   0.0
      Sewer |       0 |     143 | 100.0 |       0 |       6 | 100.0
    Ossuary |       0 |     278 | 100.0 |       0 |      16 | 100.0
            +---------+---------+-------+---------+---------+-------
